 Dungeon Crawl Stone Soup version 0.31-a0-625-gc9c7e45f3f (webtiles) character file.

Game seed: 8093759497966600481

1424 Ijustatesigmund the Trooper (level 8, -3/54 HPs)
             Began as a Gargoyle Fighter on Aug 24, 2023.
             Was an Initiate of the Shining One.
             Slain by Maggie
             ... wielding a +2 war axe of flaming
              (14 damage)
             ... on level 6 of the Dungeon.
             The game lasted 00:07:42 (6072 turns).

Ijustatesigmund the Trooper (Gargoyle Fighter)      Turns: 6072, Time: 00:07:43

Health: -3/54      AC: 15    Str: 22    XL:     8   Next: 72%
Magic:  11/11      EV: 10    Int:  9    God:    the Shining One [......]
Gold:   752        SH:  4    Dex:  9    Spells: 7/7 levels left

rFire   + . .        a - +0 flail
rCold   + . .        c - +0 buckler
rNeg    + . .        b - +4 ring mail
rPois   ∞            (no helmet)
rElec   +            (no cloak)
rCorr   +            (no gloves)
SInv    .            (no boots)
Will    .....        (no amulet) Stlth
                     (no ring)
HPRegen 0.29/turn    (no ring)
MPRegen 0.12/turn

%: no passive effects
@: mighty, resistant, mesmerised, glowing
A: sickness immunity, AC +5, negative energy resistance 1, electricity
resistance, torment resistance 1, petrification resistance
a: Renounce Religion


You were on level 6 of the Dungeon.
You worshipped the Shining One.
The Shining One was noncommittal.
You visited 1 branch of the dungeon, and saw 6 of its levels.

You collected 752 gold pieces.

Inventory:

Hand Weapons
 a - a +0 flail (weapon)
Armour
 b - a +4 ring mail (worn)
 c - a +0 buckler (worn)
Jewellery
 l - a ring of wizardry
Talismans
 h - a serpent talisman
 i - a maw talisman
Wands
 k - a wand of polymorph (9)
 s - a wand of digging (3)
 t - a wand of light (4)
Scrolls
 g - a scroll of torment
 j - a scroll of amnesia
 m - a scroll of blinking
Potions
 d - 7 potions of might
 e - 2 potions of haste
 f - a potion of brilliance {unknown}
 n - 4 potions of curing
 p - a potion of enlightenment {unknown}
 q - a potion of resistance
 r - a potion of invisibility {unknown}


   Skills:
 + Level 7.9 Fighting
 + Level 6.8 Maces & Flails
 - Level 3.2 Armour
 - Level 3.2 Shields
 + Level 5.0 Invocations


You had 7 spell levels left.
You didn't know any spells.
Your spell library contained the following spells:

 Spells                   Type           Power      Damage    Failure   Level
 Ozocubu's Armour         Ice            0%         N/A       93%         3
 Tukima's Dance           Hex            0%         N/A       93%         3
 Passage of Golubria      Tloc           0%         N/A       100%        4
 Metabolic Englaciation   Hex/Ice        0%         N/A       100%        5
 Yara's Violent Unravell  Hex/Tmut       0%         3d3       100%        5
 Simulacrum               Ice/Necr       0%         N/A       100%        6


Dungeon Overview and Level Annotations

Branches:
Dungeon (6/15)             Temple (0/1) D:6

Altars:
Elyvilon
Hepliaklqana
Kikubaaqudgha
Nemelex Xobeh
Xom
Zin
The Shining One

Shops:
D:2 :   D:3 :

Annotations:
D:6 1 runed translucent door, Crazy Yiuf, Maggie


Innate Abilities, Weirdness & Mutations

You are immune to sickness and miasma.
Your stone body is resilient. (AC +5)
You are immune to poison.
You resist negative energy. (rN+)
You are resistant to electric shocks. (rElec)
You are resistant to unholy torment.
You are immune to petrification.


Message History

The orc hits you with a +0 dagger.
You hit Maggie.
Maggie is lightly wounded.
Maggie mumbles some strange words.
Maggie draws you further into her thrall.
The orc barely misses you.
You feel very mighty all of a sudden.
Maggie casts a spell.
Maggie draws you further into her thrall.
The phantom hits you but does no damage.
The orc hits you but does no damage.
You thump Maggie!
Maggie is moderately wounded.
Maggie hits you with a +2 war axe of flaming.
Maggie burns you. The orc hits you but does no damage.
The phantom closely misses you.
You hit Maggie.
Maggie is moderately wounded.
Maggie points at you and mumbles some strange words.
The bolt of fire hits you!! The orc hits you but does no damage.
The phantom hits you but does no damage.
You thump Maggie!
Maggie is heavily wounded.
Maggie hits you with a +2 war axe of flaming.
Maggie burns you. You block the orc's attack.
The phantom hits you but does no damage.
You hit Maggie.
Maggie is heavily wounded.
Maggie closely misses you. The orc hits you but does no damage.
You block the phantom's attack.
You sock Maggie!
Maggie is almost dead.
Maggie gestures at you while chanting. The bolt of fire hits you!
* * * LOW HITPOINT WARNING * * *
The orc hits you but does no damage. The phantom closely misses you.
It was a potion of resistance.
You feel protected.
Maggie hits you with a +2 war axe of flaming!
You die...

#.....# #.....# #.....#
..... #######..# #######
#..####@##.##..###...##.
......@oW......#........
.......s.......'......<.
...............#........
..###..######'###....###
. ### #....###.....##
#.......#....⌠.⌠.
#.......#....._..
#.......#....⌠.⌠.


You could see Maggie (mesmerising), a phantom, a scorpion and an orc.

Vanquished Creatures
  Prince Ribbit (D:6)
  Eustachio (D:5)
  An ogre (D:5)
  A centaur (D:6)
  A phantom (D:5)
  A kobold brigand (D:6)
  3 scorpions
  3 hounds
  A gnoll bouda (D:4)
  3 orc priests
  An iguana (D:5)
  3 orc wizards
  9 gnolls
  9 adders
  3 worms (D:2)
  2 dart slugs (D:1)
  16 orcs
  6 ball pythons
  2 bats
  6 endoplasms
  4 giant cockroaches
  8 goblins
  6 hobgoblins
  4 jackals (D:1)
  4 quokkas
  2 frilled lizards (D:1)
  12 kobolds
  8 rats
121 creatures vanquished.

Vanquished Creatures (others)
  A hound (D:6)
  An orc wizard (D:5)
  A frilled lizard (D:1)
3 creatures vanquished.

Grand Total: 124 creatures vanquished

Notes
Turn   | Place    | Note
-------+----------+-------------------------------------------
     0 | D:1      | Ijustatesigmund the Gargoyle Fighter began the quest for
                  | the Orb.
     0 | D:1      | Reached XP level 1. HP: 14/14 MP: 1/1
    35 | D:1      | Reached XP level 2. HP: 8/19 MP: 2/2
   485 | D:1      | Reached XP level 3. HP: 20/24 MP: 3/3
   548 | D:1      | Reached skill level 4 in Fighting
   594 | D:1      | Found a faded altar of an unknown god.
  1097 | D:2      | Reached XP level 4. HP: 26/30 MP: 4/4
  1263 | D:2      | Found Sejaab's Vocational Training.
  1667 | D:3      | Reached skill level 5 in Fighting
  1667 | D:3      | Reached XP level 5. HP: 26/35 MP: 5/5
  1876 | D:3      | Found Nocs's Book Shoppe.
  1922 | D:3      | Found an ancient bone altar of Kikubaaqudgha.
  2466 | D:4      | Identified the +0 robe of Vefebanie {rElec}
  2596 | D:4      | Reached XP level 6. HP: 40/41 MP: 6/6
  2615 | D:4      | Found a shimmering altar of Xom.
  2616 | D:4      | Found a hazy altar of Hepliaklqana.
  2617 | D:4      | Noticed a spectral ugly thing
  2705 | D:4      | Found a white marble altar of Elyvilon.
  2883 | D:4      | Found a glowing golden altar of the Shining One.
  3034 | D:4      | Identified a scroll of acquirement
  3034 | D:4      | Acquired 556 gold pieces
  3073 | D:4      | Became a worshipper of the Shining One
  3076 | D:5      | Entered Level 5 of the Dungeon
  3423 | D:5      | Found a glowing silver altar of Zin.
  3502 | D:5      | Reached skill level 6 in Fighting
  3502 | D:5      | Reached skill level 1 in Invocations
  3509 | D:5      | Reached skill level 5 in Maces & Flails
  3514 | D:5      | Reached XP level 7. HP: 42/46 MP: 6/8
  3682 | D:5      | Noticed Eustachio
  3709 | D:5      | Killed Eustachio
  4186 | D:5      | Reached skill level 7 in Fighting
  4266 | D:6      | Found a staircase to the Ecumenical Temple.
  4280 | D:6      | Reached XP level 8. HP: 43/53 MP: 10/10
  4298 | D:6      | Noticed Maggie
  4299 | D:6      | Noticed Prince Ribbit
  5547 | D:6      | Identified the +11 hammer "Nuqytaen" {heavy, Will+ Str-2
                  | Int-3 Dex+6}
  5550 | D:6      | Found a runed translucent door.
  5551 | D:6      | Noticed Crazy Yiuf
  5585 | D:6      | Found a sparkling altar of Nemelex Xobeh.
  5632 | D:6      | Killed Prince Ribbit
  5633 | D:6      | Reached skill level 5 in Invocations
  6072 | D:6      | Slain by Maggie

Illustrated notes

Levels and vault maps discovered:
D:1:      minmay_arrival_semitransparent, layout_basic,
          ebering_ecumenical_altar_petrified, serial_bayou_pond_b
D:2:      layout_rooms, chequers_avenue, nicolae_shop_vocational
D:3:      layout_basic, nicolae_kikubaaqudgha_miasma_corner, serial_shops,
          nicolae_shop_rolling_square, minmay_misc_feat_roman,
          minmay_misc_feat_tiny, minivault_23
D:4:      layout_loops_corners, regret_index_temple_of_mockery,
          general_overflow_altar, mainiacjoe_overflow_tiny_flanked,
          dreamdust_mushroom_princess
D:5:      layout_loops_cross, zin_statuary, uniq_eustachio
D:6:      layout_gridville, nemelex_xobeh_ov_fountains_minmay,
          minmay_temple_entry_sparse_star, uniq_crazy_yiuf_cottage, uniq_maggie,
          uniq_prince_ribbit1

Skill      XL: |  1  2  3  4  5  6  7  8 |
---------------+-------------------------+-----
Fighting       | 4 5 6 7 |  7.9
Maces & Flails | 3 4 5 6 |  6.8
Invocations    | 1 3 5 |  5.0
Armour         | |  3.2
Shields        | |  3.2

Action                     |  1- 3 |  4- 6 |  7- 9 || total
---------------------------+-------+-------+-------++-------
  Melee: Flail             |   115 |   208 |   144 ||   467
         Unarmed           |       |       |    12 ||    12
  Evoke: Wand              |       |       |     5 ||     5
    Use: Scroll            |       |     8 |     4 ||    12
         Potion            |       |       |     3 ||     3
 Armour: Scale mail        |    77 |    52 |       ||   129
         Ring mail         |       |    51 |   125 ||   176
  Dodge: Dodged            |    49 |    85 |   148 ||   282
  Block: Buckler           |    19 |    35 |    37 ||    91

Table legend: (Time is in decaauts)
 A = Elapsed time spent in this place.
 B = Non-inter-level travel time spent in this place.
 C = Inter-level travel time spent in this place.
 D = Time resting spent in this place.
 E = Time spent auto-exploring this place.
 F = Levels seen in this place.
 G = Mean time per level.
                   A        B        C        D        E       F      G
               +--------+--------+--------+--------+--------+-----+--------+
         Total |   6180 |   6035 |    145 |   1834 |   3165 |   6 | 1030.0 |
       Dungeon |   6180 |   6035 |    145 |   1834 |   3165 |   6 | 1030.0 |
               +--------+--------+--------+--------+--------+-----+--------+

Top non-repeatable levels by time:
     D:5: 1484 daAuts
     D:4: 1288 daAuts
     D:1: 1101 daAuts
     D:6: 876 daAuts
     D:3: 869 daAuts
     D:2: 560 daAuts
